AoeStats
← [PVS] SpartacoUsd

Arabia

510420642Analyzed
4v4 RM · 2d ago on Sep 30, 2026· 56m 35s· 8 players
Game mode
Random Map
Map size
Large (8 player)
Population
200
Speed
Normal
Resources
Standard
Victory
Conquest
Starting age
Dark Age
Ending age
Imperial Age
RankedLock teamsTeams togetherTeam positionsShared explorationLock speedFull tech treeHidden civsTurbo modeCheats
Victory
Defeat
🇦🇷 Armenians · Argentina
1173
+12
🇦🇷 Malians · Argentina
1135
+14
🇦🇷 Varangians · Argentina
1133
+14
🇫🇷 Mongols · France
1123
+14
🇨🇱 Persians · Chile
1340
-22
🇵🇪 Ethiopians · Peru
1102
-14
🇨🇱 Italians · Chile
1047
-12
🇨🇱 Japanese · Chile
875
-6
Fet7z
7:46 Loom
9:35 Feudal Age
10:38 Man-at-Arms
18:50 Fletching
20:19 Double-Bit Axe
21:41 Wheelbarrow
26:54 Castle Age
28:12 Elite Skirmisher
29:51 Bodkin Arrow
29:57 Padded Archer Armor
32:04 Leather Archer Armor
33:26 Horse Collar
39:50 Stone Mining
39:50 Gold Mining
41:25 Bow Saw
45:04 Ballistics
47:54 Imperial Age
48:08 Elite Mangudai
49:08 Bracer
50:01 Parthian Tactics
50:38 Thumb Ring
51:43 Chemistry
52:44 Caravan
53:14 Coinage
53:47 Bloodlines
53:38 Husbandry
55:39 Banking
MERA_elBalma
7:49 Loom
11:24 Feudal Age
14:05 Bloodlines
13:55 Horse Collar
14:10 Double-Bit Axe
14:15 Horse Collar
22:30 Castle Age
20:47 Forging
22:40 Light Cavalry
24:45 Scale Barding Armor
27:10 Husbandry
33:15 Squires
33:18 Scale Mail Armor
33:54 Iron Casting
35:28 Chain Mail Armor
39:40 Imperial Age
37:49 Wheelbarrow
37:08 Gambesons
39:44 Elite Varangian Guard
40:57 Plate Mail Armor
41:26 Conscription
41:09 Arson
41:52 Gold Mining
46:12 Fletching
51:11 Chain Barding Armor
51:51 Blast Furnace
50:50 Elite Jarl
55:21 Hand Cart
55:55 Hussar
Sabio Pervertido
3:48 Loom
11:11 Feudal Age
11:18 Man-at-Arms
14:14 Long Swordsman
16:21 Scale Mail Armor
18:00 Double-Bit Axe
17:57 Horse Collar
18:56 Arson
19:48 Fletching
19:58 Padded Archer Armor
24:27 Castle Age
23:59 Forging
23:42 Gold Mining
23:42 Stone Mining
24:26 Pikeman
25:35 Halberdier
27:29 Elite Skirmisher
30:11 Leather Archer Armor
30:27 Bodkin Arrow
32:49 Chain Mail Armor
34:26 Ballistics
37:27 Wheelbarrow
37:01 Town Watch
37:25 Scale Barding Armor
42:03 Imperial Age
40:28 Iron Casting
40:46 Heavy Plow
41:00 Bow Saw
41:26 Gold Shaft Mining
42:21 Elite Composite Bowman
43:05 Bracer
44:02 Ring Archer Armor
44:55 Plate Mail Armor
45:25 Blast Furnace
45:07 Hand Cart
45:22 Squires
46:21 Conscription
47:05 Chain Barding Armor
47:18 Gambesons
46:53 Two-Handed Swordsman
47:45 Fereters
50:17 Chemistry
49:56 Hoardings
51:33 Champion
53:48 Town Patrol
TiraFlechas1861
4:58 Loom
12:06 Feudal Age
12:21 Man-at-Arms
17:26 Double-Bit Axe
18:47 Horse Collar
24:26 Castle Age
23:04 Padded Archer Armor
22:54 Fletching
24:57 Stone Mining
24:58 Gold Mining
26:00 Wheelbarrow
27:39 Hand Cart
29:27 Bow Saw
33:29 Forging
33:20 Scale Mail Armor
35:11 Iron Casting
35:58 Gold Shaft Mining
35:59 Stone Shaft Mining
37:42 Chain Mail Armor
39:18 Pikeman
39:59 Squires
47:20 Imperial Age
47:38 Elite Gbeto
48:40 Conscription
50:56 Plate Mail Armor
51:54 Scale Barding Armor
51:46 Light Cavalry
52:28 Husbandry
54:01 Bloodlines
54:15 Farimba
[PVS] bieldan
6:41 Loom
8:58 Feudal Age
10:27 Double-Bit Axe
10:51 Horse Collar
15:44 Scale Barding Armor
18:13 Forging
22:37 Castle Age
21:43 Bloodlines
24:03 Bow Saw
32:41 Husbandry
33:46 Iron Casting
35:11 Chain Barding Armor
36:13 Wheelbarrow
39:24 Hand Cart
45:17 Imperial Age
44:32 Town Watch
45:12 Cavalier
47:11 Two-Man Saw
46:14 Heavy Plow
47:08 Plate Barding Armor
49:21 Blast Furnace
53:29 Fletching
54:55 Chemistry
54:03 Elite Skirmisher
54:49 Thumb Ring
[PVS] Manu_X
2:39 Loom
11:16 Feudal Age
14:32 Double-Bit Axe
17:02 Fletching
20:43 Horse Collar
21:13 Town Watch
24:51 Castle Age
24:24 Padded Archer Armor
25:00 Crossbowman
26:00 Bodkin Arrow
27:11 Squires
27:52 Gold Mining
30:41 Ballistics
31:49 Thumb Ring
34:59 Leather Archer Armor
36:10 Wheelbarrow
37:36 Hand Cart
40:50 Bloodlines
40:45 Husbandry
41:18 Scale Barding Armor
41:21 Stone Mining
43:42 Chain Barding Armor
43:33 Forging
43:35 Town Patrol
45:01 Stone Shaft Mining
45:16 Heavy Plow
49:22 Imperial Age
48:41 Elite Skirmisher
49:25 Arbalester
51:08 Chemistry
51:12 Bracer
51:43 Ring Archer Armor
51:40 Conscription
51:39 Masonry
50:57 Light Cavalry
53:35 Guard Tower
Komugii
5:11 Loom
9:43 Feudal Age
10:46 Double-Bit Axe
10:43 Horse Collar
18:44 Castle Age
16:27 Man-at-Arms
21:42 Gold Mining
22:03 Scale Mail Armor
22:02 Pikeman
22:55 Bow Saw
24:13 Stone Mining
27:31 Chain Mail Armor
35:53 Forging
35:58 Fletching
38:07 Gold Shaft Mining
39:31 Iron Casting
40:52 Wheelbarrow
40:04 Town Watch
43:57 Hand Cart
47:45 Imperial Age
48:24 Elite Samurai
49:22 Capped Ram
51:24 Heavy Scorpion
53:00 Conscription
53:53 Plate Mail Armor
55:18 Ballistics
56:01 Blast Furnace
[PVS] SpartacoUsd
1:36 Loom
9:21 Feudal Age
13:18 Double-Bit Axe
13:48 Fletching
17:32 Gold Mining
30:06 Castle Age
31:45 Crossbowman
34:49 Bodkin Arrow
53:42 Wheelbarrow
Connection lost

Rejoining the realm…

Still unreachable

The connection could not be restored.

Session expired

The server has moved on; the page needs a fresh start.